Bruins vs Canucks
(R1)
Created - 12 mai 2013 at 21:38
Goals
|
| Bruins |
0 |
0 |
2 |
0 |
1 |
2 |
| Canucks |
1 |
1 |
0 |
0 |
2 |
3 |
|
Shots
|
| Bruins |
6 |
8 |
16 |
1 |
3 |
31 |
| Canucks |
8 |
20 |
4 |
3 |
3 |
35 |
|
1st period
1. Canucks , Jaromir Jagr 40 (Matt Stajan) at 18:39
Penalties :
Rickard Wallin (Van) for Holding (Minor) at 6:22, Jonas Hoglund (Van) for High sticking (Double Minor) at 8:49, Eric Lindros (Bos) for Elbowing (Minor) at 19:27
2nd period
2. Canucks , Erik Christensen 14 (Sheldon Keefe, Derian Hatcher) at 16:32
Penalties :
Jaromir Jagr (Van) for Roughing (Minor) at 6:20, Joe Corvo (Bos) for Elbowing (Minor) at 6:20, Matt Cooke (Bos) for Hooking (Minor) at 11:17, Victor Oreskovich (Bos) for Hooking (Minor) at 19:44, Daniel Briere (Bos) for High sticking (Minor) at 19:53
3rd period
3. Bruins , Victor Oreskovich 13 (Matt Cooke, Ryan O'Byrne) at 4:35
4. Bruins , Eric Lindros 37 (Wojtek Wolski) at 7:28 (PP)
Penalties :
Jonas Hoglund (Van) for Slashing (Minor) at 2:20, Chris Campoli (Van) for Tripping (Minor) at 7:24, Chris Campoli (Van) for Tripping (Minor) at 13:23, Christoph Schubert (Bos) for Interference (Minor) at 15:50, Chris Campoli (Van) for Slashing (Minor) at 19:55
Overtime #1
No Goal
Penalties :
No Penalty
Shootout
Penalty Shot by Eric Lindros for Bruins - Stopped by Carey Price
Penalty Shot by Jaromir Jagr for Canucks - Goal!
Penalty Shot by Jeff Carter for Bruins - Stopped by Carey Price
Penalty Shot by Peter Worrell for Canucks - Shot Misses the Net
Penalty Shot by Wojtek Wolski for Bruins - Goal!
Penalty Shot by Jonas Hoglund for Canucks - Goal!
Penalties :
No Penalty
Goalie Stats
Scott Clemmensen (Bos), 33 saves from 35 shots - (0,943), OTL, 2-1-3, 65:00 minutes
Carey Price (Van), 29 saves from 31 shots - (0,935), W, 35-18-5, 65:00 minutes
Players Stats for Bruins
Player Name G A P +/- PIM S H SB GA TA FO MP PP MP PK MP
------------------------------------------------------------------------------------
Andrew Alberts 0 0 0 -1 0 1 2 3 0 0 0/0 29:12 5:50 4:35
Christoph Schubert 0 0 0 1 2 1 0 0 0 0 0/0 11:03 0:00 0:00
Daniel Briere 0 0 0 -2 2 1 2 0 2 1 0/1 24:38 4:56 3:25
Eric Lindros 1 0 1 -2 2 4 0 0 0 0 15/31 24:12 4:56 3:11
Jeff Carter 0 0 0 0 0 3 2 0 0 0 3/12 19:21 4:29 1:08
Joe Corvo 0 0 0 -1 2 0 0 1 1 0 0/0 24:20 4:14 3:30
Matt Cooke 0 1 1 1 2 1 1 0 0 0 1/2 11:47 0:00 2:18
Matt Hendricks 0 0 0 0 0 1 1 0 0 0 3/6 6:23 0:00 0:15
Michael Ryder 0 0 0 0 0 2 1 1 0 1 0/1 9:21 0:39 0:00
Richard Lintner 0 0 0 1 0 0 1 3 0 0 0/0 13:31 0:00 0:00
Ryan O'Byrne 0 1 1 -1 0 2 1 1 0 1 0/0 24:10 4:14 3:00
Scott Hartnell 0 0 0 0 0 0 4 0 0 0 0/0 16:22 4:29 0:22
Scottie Upshall 0 0 0 0 0 1 0 0 1 0 0/0 9:01 0:39 0:00
Victor Oreskovich 1 0 1 1 2 4 0 0 0 0 0/0 9:00 0:39 0:02
Vitali Yachmenev 0 0 0 0 0 1 2 2 0 1 0/0 15:58 4:29 0:00
Wayne Primeau 0 0 0 1 0 2 1 0 0 0 0/2 10:13 0:00 1:59
Wojtek Wolski 0 1 1 -2 0 5 2 1 0 0 2/5 20:28 4:56 1:39
Zdeno Chara 0 0 0 -1 0 2 4 3 0 2 0/0 29:00 5:50 5:05
Players Stats for Canucks
Player Name G A P +/- PIM S H SB GA TA FO MP PP MP PK MP
------------------------------------------------------------------------------------
Brent Sopel 0 0 0 1 0 0 0 1 0 0 0/0 24:19 3:18 5:13
Chris Campoli 0 0 0 1 6 0 0 0 0 1 0/0 11:54 0:00 0:31
Clarke MacArthur 0 0 0 0 0 4 4 0 2 0 0/0 19:17 3:00 4:08
Daniel Paille 0 0 0 1 0 0 0 0 0 0 0/0 7:19 0:00 0:56
David Jones 0 0 0 0 0 3 1 0 0 0 1/2 12:40 0:00 0:00
Derian Hatcher 0 1 1 1 0 6 1 0 0 0 0/0 24:19 3:18 5:13
Erik Christensen 1 0 1 1 0 1 0 0 0 0 1/2 7:44 0:00 1:14
Fabian Brunnstrom 0 0 0 0 0 5 0 1 0 0 0/0 11:22 0:00 0:00
Jaromir Jagr 1 0 1 1 2 5 2 0 0 1 3/8 24:27 5:05 6:09
Jiri Hudler 0 0 0 0 0 1 1 2 0 0 5/8 13:19 3:00 0:06
Johnny Boychuk 0 0 0 1 0 0 1 0 0 0 0/0 11:49 0:00 0:31
Jonas Hoglund 0 0 0 -1 6 1 2 0 1 0 1/2 15:42 3:00 0:55
Mark Streit 0 0 0 -1 0 2 3 2 0 1 0/0 28:52 4:47 6:15
Matt Stajan 0 1 1 1 0 0 0 1 0 0 18/28 16:45 5:05 0:00
Peter Worrell 0 0 0 0 0 1 2 1 0 0 1/3 24:26 5:05 5:12
Rickard Wallin 0 0 0 0 2 2 0 1 0 0 3/4 9:59 0:00 0:00
Scott Niedermayer 0 0 0 -1 0 2 3 1 1 1 0/0 29:14 4:47 6:15
Sheldon Keefe 0 1 1 0 0 2 1 0 2 0 3/3 12:28 0:00 3:23
3 Stars
1 - Scott Clemmensen (Bos)
2 - Erik Christensen (Van)
3 - Jaromir Jagr (Van)
Power Play
Bruins - 1 on 7 Attempt(s) - 14,29%
Canucks - 0 on 5 Attempt(s) - 0,00%
Penalty Kill
Bruins - 5 on 5 Attempt(s) - 100,00%
- Score 0 goal in Penalty Kill
Canucks - 6 on 7 Attempt(s) - 85,71%
- Score 0 goal in Penalty Kill
Official
Referees : Banfield David and O'Rourke Dan
Linesman : Mark Shewchyk and Mark Pare
Game Notes
No Game Note
Finance
Level 1 -- Attendance: 4392 (73,20%) -- Ticket Income 434 808 $
Level 2 -- Attendance: 4540 (90,80%) -- Ticket Income 236 080 $
Level 3 -- Attendance: 2000 (100,00%) -- Ticket Income 60 000 $
Level 4 -- Attendance: 4000 (100,00%) -- Ticket Income 68 000 $
Luxury Box -- Attendance: 1000 (100,00%) -- Ticket Income 100 000 $
Game was played at the Budweiser Coliseum
Total Attendance: 15932 (88,51%)
Total Ticket Income: 898 888 $
Other Income: 44 944 $
Total Income: 943 832 $
Bruins
5 vs 5 Forward
Center Left Wing Right Wing Time % Phy DF OF
1 Eric Lindros Wojtek Wolski Daniel Briere 40 1 2 2
2 Jeff Carter Scott Hartnell Vitali Yachmenev 30 1 2 2
3 Wayne Primeau Matt Cooke Victor Oreskovich 20 1 2 2
4 Matt Hendricks Scottie Upshall Michael Ryder 10 1 2 2
5 vs 5 Defense
Defense Defense Time % Phy DF OF
1 Zdeno Chara Andrew Alberts 40 1 2 2
2 Ryan O'Byrne Joe Corvo 30 1 2 2
3 Richard Lintner Christoph Schubert 20 1 2 2
4 Zdeno Chara Andrew Alberts 10 1 2 2
PowerPlay Forward
Center Left Wing Right Wing Time % Phy DF OF
1 Eric Lindros Wojtek Wolski Daniel Briere 60 1 2 2
2 Jeff Carter Scott Hartnell Vitali Yachmenev 40 1 2 2
PowerPlay Defense
Defense Defense Time % Phy DF OF
1 Zdeno Chara Andrew Alberts 60 1 2 2
2 Ryan O'Byrne Joe Corvo 40 1 2 2
Penalty Kill 4 Players Forward
Center Wing Time % Phy DF OF
1 Eric Lindros Daniel Briere 60 1 2 2
2 Wojtek Wolski Wayne Primeau 40 1 2 2
Penalty Kill 4 Players Defense
Defense Defense Time % Phy DF OF
1 Zdeno Chara Andrew Alberts 60 1 2 2
2 Ryan O'Byrne Joe Corvo 40 1 2 2
Penalty Kill - 3 Players Forward
Forward Time % Phy DF OF
1 Eric Lindros 60 1 2 2
2 Wayne Primeau 40 1 2 2
Penalty Kill - 3 Players Defense
Defense Defense Time % Phy DF OF
1 Zdeno Chara Andrew Alberts 60 1 2 2
2 Ryan O'Byrne Joe Corvo 40 1 2 2
4 vs 4 Forward
Center Wing Time % Phy DF OF
1 Eric Lindros Daniel Briere 60 1 2 2
2 Wojtek Wolski Jeff Carter 40 1 2 2
4 vs 4 Defense
Defense Defense Time % Phy DF OF
1 Zdeno Chara Andrew Alberts 60 1 2 2
2 Ryan O'Byrne Joe Corvo 40 1 2 2
Last Minutes Offensive
Center Left Wing Right Wing Defense Defense
Eric Lindros Wojtek Wolski Daniel Briere Zdeno Chara Andrew Alberts
Last Minutes Defensive
Center Left Wing Right Wing Defense Defense
Eric Lindros Wojtek Wolski Daniel Briere Zdeno Chara Andrew Alberts
Goaltenders
Starting : Scott Clemmensen
Backup : Evgeni Nabokov
Extra Forwards
Normal : Michael Ryder, Scottie Upshall, Matt Cooke - PP : Michael Ryder, Scottie Upshall - PK : Matt Cooke
Extra Defensemen
Normal : Richard Lintner, Christoph Schubert, Ryan O'Byrne - PP : Richard Lintner - PK : Christoph Schubert, Ryan O'Byrne
Penalty Shots
Eric Lindros, Jeff Carter, Wojtek Wolski, Daniel Briere, Zdeno Chara
Canucks
5 vs 5 Forward
Center Left Wing Right Wing Time % Phy DF OF
1 Matt Stajan Peter Worrell Jaromir Jagr 40 1 2 2
2 Jiri Hudler Clarke MacArthur Jonas Hoglund 30 1 2 2
3 Rickard Wallin Fabian Brunnstrom David Jones 20 1 2 2
4 Erik Christensen Daniel Paille Sheldon Keefe 10 1 2 2
5 vs 5 Defense
Defense Defense Time % Phy DF OF
1 Scott Niedermayer Mark Streit 40 1 2 2
2 Derian Hatcher Brent Sopel 30 1 2 2
3 Chris Campoli Johnny Boychuk 20 1 2 2
4 Scott Niedermayer Mark Streit 10 1 2 2
PowerPlay Forward
Center Left Wing Right Wing Time % Phy DF OF
1 Matt Stajan Peter Worrell Jaromir Jagr 60 1 2 2
2 Jiri Hudler Clarke MacArthur Jonas Hoglund 40 1 2 2
PowerPlay Defense
Defense Defense Time % Phy DF OF
1 Scott Niedermayer Mark Streit 60 1 2 2
2 Derian Hatcher Brent Sopel 40 1 2 2
Penalty Kill 4 Players Forward
Center Wing Time % Phy DF OF
1 Jaromir Jagr Peter Worrell 60 1 2 2
2 Jonas Hoglund Clarke MacArthur 40 1 2 2
Penalty Kill 4 Players Defense
Defense Defense Time % Phy DF OF
1 Scott Niedermayer Mark Streit 60 1 2 2
2 Derian Hatcher Brent Sopel 40 1 2 2
Penalty Kill - 3 Players Forward
Forward Time % Phy DF OF
1 Jaromir Jagr 60 1 2 2
2 Peter Worrell 40 1 2 2
Penalty Kill - 3 Players Defense
Defense Defense Time % Phy DF OF
1 Scott Niedermayer Mark Streit 60 1 2 2
2 Derian Hatcher Brent Sopel 40 1 2 2
4 vs 4 Forward
Center Wing Time % Phy DF OF
1 Jaromir Jagr Peter Worrell 60 1 2 2
2 Jonas Hoglund Clarke MacArthur 40 1 2 2
4 vs 4 Defense
Defense Defense Time % Phy DF OF
1 Scott Niedermayer Mark Streit 60 1 2 2
2 Derian Hatcher Brent Sopel 40 1 2 2
Last Minutes Offensive
Center Left Wing Right Wing Defense Defense
Matt Stajan Peter Worrell Jaromir Jagr Scott Niedermayer Mark Streit
Last Minutes Defensive
Center Left Wing Right Wing Defense Defense
Matt Stajan Peter Worrell Jaromir Jagr Scott Niedermayer Mark Streit
Goaltenders
Starting : Carey Price
Backup : Brian Boucher
Extra Forwards
Normal : David Jones, Fabian Brunnstrom, Sheldon Keefe - PP : David Jones, Fabian Brunnstrom - PK : Sheldon Keefe
Extra Defensemen
Normal : Chris Campoli, Johnny Boychuk, Derian Hatcher - PP : Chris Campoli - PK : Johnny Boychuk, Derian Hatcher
Penalty Shots
Jaromir Jagr, Peter Worrell, Jonas Hoglund, Clarke MacArthur, Matt Stajan
% Time on Ice - Bruins
Lines # - Real PCT - Wanted PCT - Time Play
Normal Forward
1 - 35% - 40% - 13:51
2 - 29% - 30% - 11:39
3 - 21% - 20% - 8:14
4 - 15% - 10% - 6:08
Normal Defense
1 - 38% - 40% - 15:19
2 - 33% - 30% - 12:59
3 - 28% - 20% - 11:16
4 - 1% - 10% - 0:18
PP Forward
1 - 54% - 60% - 5:29
2 - 46% - 40% - 4:35
PP Defense
1 - 58% - 60% - 5:50
2 - 42% - 40% - 4:14
PK Forward
1 - 73% - 60% - 4:34
2 - 27% - 40% - 1:41
PK Defense
1 - 64% - 60% - 3:59
2 - 36% - 40% - 2:16
PK3 Forward
1 - 84% - 60% - 1:32
2 - 16% - 40% - 0:18
PK3 Defense
1 - 62% - 60% - 1:08
2 - 38% - 40% - 0:42
44 Forward
1 - 71% - 60% - 4:56
2 - 29% - 40% - 2:03
44 Defense
1 - 63% - 60% - 4:23
2 - 37% - 40% - 2:36
Last Minute Offensive - 0:00
Last Minute Defensive - 0:00
Total
Forward - 65:00
Defense - 65:00
|
% Time on Ice - Canucks
Lines # - Real PCT - Wanted PCT - Time Play
Normal Forward
1 - 34% - 40% - 13:27
2 - 26% - 30% - 10:13
3 - 25% - 20% - 9:55
4 - 16% - 10% - 6:17
Normal Defense
1 - 40% - 40% - 16:05
2 - 35% - 30% - 14:06
3 - 23% - 20% - 9:01
4 - 2% - 10% - 0:40
PP Forward
1 - 63% - 60% - 5:05
2 - 37% - 40% - 3:00
PP Defense
1 - 59% - 60% - 4:47
2 - 41% - 40% - 3:18
PK Forward
1 - 66% - 60% - 6:41
2 - 34% - 40% - 3:23
PK Defense
1 - 60% - 60% - 6:02
2 - 40% - 40% - 4:02
PK3 Forward
1 - 82% - 60% - 1:34
2 - 18% - 40% - 0:21
PK3 Defense
1 - 38% - 60% - 0:44
2 - 62% - 40% - 1:11
44 Forward
1 - 82% - 60% - 4:09
2 - 18% - 40% - 0:55
44 Defense
1 - 66% - 60% - 3:22
2 - 34% - 40% - 1:42
Last Minute Offensive - 0:00
Last Minute Defensive - 0:00
Total
Forward - 65:00
Defense - 65:00
|
Play by Play
1st period
0:01 of 1st period - Matt Stajan wins face-off versus Eric Lindros in neutral zone.
0:12 of 1st period - Eric Lindros is hit by Jaromir Jagr and loses puck.
0:52 of 1st period - Slapshot by Fabian Brunnstrom.
0:52 of 1st period - Stopped by Scott Clemmensen without a rebound.
0:53 of 1st period - Erik Christensen wins face-off versus Matt Hendricks in Bruins zone.
1:11 of 1st period - Icing by Ryan O'Byrne.
1:12 of 1st period - Matt Stajan wins face-off versus Matt Hendricks in Bruins zone.
2:53 of 1st period - Slapshot by Jaromir Jagr.
2:53 of 1st period - Stopped by Scott Clemmensen with a rebound.
3:09 of 1st period - Snap shot by Jonas Hoglund.
3:09 of 1st period - Shot Misses the Net.
3:11 of 1st period - Snap shot by Brent Sopel.
3:11 of 1st period - Deflect By Jonas Hoglund.
3:11 of 1st period - Stopped by Scott Clemmensen with a rebound.
3:13 of 1st period - Slapshot by Brent Sopel.
3:13 of 1st period - Shot Blocked by Michael Ryder.
3:15 of 1st period - Snap shot by Jiri Hudler.
3:15 of 1st period - Stopped by Scott Clemmensen with a rebound.
3:17 of 1st period - Snap shot by Brent Sopel.
3:17 of 1st period - Shot Blocked by Andrew Alberts.
3:53 of 1st period - Matt Stajan is hit by Zdeno Chara and loses puck.
4:18 of 1st period - Snap shot by Jonas Hoglund.
4:18 of 1st period - Shot Misses the Net.
4:54 of 1st period - Wrist shot by Fabian Brunnstrom.
4:54 of 1st period - Deflect By David Jones.
4:54 of 1st period - Shot Blocked by Joe Corvo.
4:54 of 1st period - Puck is out of play.
4:55 of 1st period - Rickard Wallin wins face-off versus Jeff Carter in Bruins zone.
4:58 of 1st period - Snap shot by Fabian Brunnstrom.
4:58 of 1st period - Shot Blocked by Ryan O'Byrne.
5:27 of 1st period - Matt Stajan is hit by Daniel Briere.
5:31 of 1st period - Peter Worrell is hit by Wojtek Wolski and loses puck.
5:52 of 1st period - Wrist shot by Victor Oreskovich.
5:52 of 1st period - Stopped by Carey Price with a rebound.
6:22 of 1st period - Minor Penalty to Rickard Wallin for Holding.
6:23 of 1st period - Jaromir Jagr wins face-off versus Eric Lindros in Canucks zone.
6:36 of 1st period - Wrist shot by Eric Lindros.
6:36 of 1st period - Stopped by Carey Price with a rebound.
6:38 of 1st period - Slapshot by Daniel Briere.
6:38 of 1st period - Stopped by Carey Price with a rebound.
7:48 of 1st period - Eric Lindros is hit by Mark Streit and loses puck.
8:01 of 1st period - Mark Streit is hit by Scott Hartnell and loses puck.
8:22 of 1st period - Penalty to Rickard Wallin is over, Rickard Wallin is back on ice.
8:37 of 1st period - Matt Cooke is hit by David Jones and loses puck.
8:49 of 1st period - Double Minor Penalty to Jonas Hoglund for High sticking.
8:50 of 1st period - Wojtek Wolski wins face-off versus Jaromir Jagr in Canucks zone.
9:21 of 1st period - Slapshot by Zdeno Chara.
9:21 of 1st period - Stopped by Carey Price with a rebound.
9:23 of 1st period - Snap shot by Jeff Carter.
9:23 of 1st period - Stopped by Carey Price without a rebound.
9:24 of 1st period - Sheldon Keefe wins face-off versus Jeff Carter in Canucks zone.
10:09 of 1st period - Snap shot by Scott Niedermayer.
10:09 of 1st period - Stopped by Scott Clemmensen with a rebound.
10:11 of 1st period - Snap shot by Peter Worrell.
10:11 of 1st period - Shot Misses the Net.
11:36 of 1st period - Daniel Paille is hit by Michael Ryder and loses puck.
12:49 of 1st period - Penalty to Jonas Hoglund is over, Jonas Hoglund is back on ice.
12:49 of 1st period - Michael Ryder is hit by Clarke MacArthur and loses puck.
13:51 of 1st period - Sheldon Keefe is hit by Zdeno Chara and loses puck.
14:54 of 1st period - Wrist shot by Rickard Wallin.
14:54 of 1st period - Stopped by Scott Clemmensen with a rebound.
14:56 of 1st period - Slapshot by Derian Hatcher.
14:56 of 1st period - Shot Blocked by Richard Lintner.
15:28 of 1st period - Matt Hendricks is hit by Derian Hatcher and loses puck.
15:39 of 1st period - Mark Streit is hit by Wojtek Wolski and loses puck.
16:33 of 1st period - Slapshot by Mark Streit.
16:33 of 1st period - Deflect By Jonas Hoglund.
16:33 of 1st period - Shot Misses the Net.
16:33 of 1st period - Puck is out of play.
16:34 of 1st period - Jiri Hudler wins face-off versus Matt Hendricks in Bruins zone.
16:45 of 1st period - Clarke MacArthur is hit by Andrew Alberts and loses puck.
17:05 of 1st period - Slapshot by Matt Stajan.
17:05 of 1st period - Shot Misses the Net.
17:53 of 1st period - Jeff Carter is hit by Sheldon Keefe and loses puck.
18:00 of 1st period - Wrist shot by Erik Christensen.
18:00 of 1st period - Shot Blocked by Vitali Yachmenev.
18:16 of 1st period - Jeff Carter is hit by Scott Niedermayer and loses puck.
18:27 of 1st period - Slapshot by Vitali Yachmenev.
18:27 of 1st period - Stopped by Carey Price without a rebound.
18:28 of 1st period - Matt Stajan wins face-off versus Eric Lindros in Canucks zone.
18:39 of 1st period - Snap shot by Jaromir Jagr.
18:39 of 1st period - Goal by Jaromir Jagr - Bruins : 0 - Canucks : 1.
18:40 of 1st period - Matt Stajan wins face-off versus Daniel Briere in neutral zone.
19:27 of 1st period - Minor Penalty to Eric Lindros for Elbowing.
19:28 of 1st period - Matt Stajan wins face-off versus Matt Cooke in Bruins zone.
19:29 of 1st period - Snap shot by Peter Worrell.
19:29 of 1st period - Stopped by Scott Clemmensen with a rebound.
19:31 of 1st period - Slapshot by Scott Niedermayer.
19:31 of 1st period - Shot Blocked by Zdeno Chara.
2nd period
0:01 of 2nd period - Matt Cooke wins face-off versus Matt Stajan in neutral zone.
0:06 of 2nd period - Slapshot by Daniel Briere.
0:06 of 2nd period - Shot Blocked by Matt Stajan.
0:12 of 2nd period - Matt Cooke is hit by Peter Worrell and loses puck.
0:25 of 2nd period - Clarke MacArthur is hit by Zdeno Chara and loses puck.
1:06 of 2nd period - Jonas Hoglund is hit by Matt Hendricks and loses puck.
1:27 of 2nd period - Penalty to Eric Lindros is over, Eric Lindros is back on ice.
1:37 of 2nd period - Matt Hendricks is hit by Scott Niedermayer and loses puck.
1:41 of 2nd period - Michael Ryder is hit by Mark Streit and loses puck.
2:16 of 2nd period - Slapshot by Fabian Brunnstrom.
2:16 of 2nd period - Stopped by Scott Clemmensen without a rebound.
2:17 of 2nd period - Rickard Wallin wins face-off versus Wayne Primeau in Bruins zone.
2:18 of 2nd period - Snap shot by Fabian Brunnstrom.
2:18 of 2nd period - Shot Misses the Net.
2:20 of 2nd period - Slapshot by Chris Campoli.
2:20 of 2nd period - Shot Misses the Net.
2:40 of 2nd period - Snap shot by Fabian Brunnstrom.
2:40 of 2nd period - Stopped by Scott Clemmensen without a rebound.
2:41 of 2nd period - Eric Lindros wins face-off versus Matt Stajan in Bruins zone.
2:46 of 2nd period - Slapshot by Wojtek Wolski.
2:46 of 2nd period - Stopped by Carey Price with a rebound.
3:13 of 2nd period - Wrist shot by Jeff Carter.
3:13 of 2nd period - Shot Misses the Net.
3:15 of 2nd period - Slapshot by Ryan O'Byrne.
3:15 of 2nd period - Shot Misses the Net.
3:17 of 2nd period - Snap shot by Jeff Carter.
3:17 of 2nd period - Stopped by Carey Price with a rebound.
4:15 of 2nd period - Snap shot by Sheldon Keefe.
4:15 of 2nd period - Stopped by Scott Clemmensen with a rebound.
4:40 of 2nd period - Wrist shot by Jonas Hoglund.
4:40 of 2nd period - Deflect By Scott Hartnell.
4:40 of 2nd period - Shot Blocked by Richard Lintner.
4:40 of 2nd period - Puck is out of play.
4:41 of 2nd period - Matt Stajan wins face-off versus Jeff Carter in Bruins zone.
4:44 of 2nd period - Slapshot by Jaromir Jagr.
4:44 of 2nd period - Shot Blocked by Vitali Yachmenev.
4:46 of 2nd period - Slapshot by Mark Streit.
4:46 of 2nd period - Shot Blocked by Andrew Alberts.
4:48 of 2nd period - Wrist shot by Jaromir Jagr.
4:48 of 2nd period - Stopped by Scott Clemmensen without a rebound.
4:49 of 2nd period - Jeff Carter wins face-off versus Matt Stajan in Bruins zone.
5:46 of 2nd period - Snap shot by Andrew Alberts.
5:46 of 2nd period - Deflect By Victor Oreskovich.
5:46 of 2nd period - Stopped by Carey Price without a rebound.
5:47 of 2nd period - Jeff Carter wins face-off versus Matt Stajan in Canucks zone.
5:52 of 2nd period - Wrist shot by Vitali Yachmenev.
5:52 of 2nd period - Shot Misses the Net.
5:55 of 2nd period - Icing by Peter Worrell.
5:56 of 2nd period - Matt Stajan wins face-off versus Jeff Carter in Canucks zone.
6:20 of 2nd period - Minor Penalty to Jaromir Jagr for Roughing.
6:20 of 2nd period - Minor Penalty to Joe Corvo for Elbowing.
6:21 of 2nd period - Eric Lindros wins face-off versus David Jones in Canucks zone.
7:10 of 2nd period - Snap shot by Wojtek Wolski.
7:10 of 2nd period - Stopped by Carey Price without a rebound.
7:11 of 2nd period - David Jones wins face-off versus Eric Lindros in Canucks zone.
7:18 of 2nd period - Wrist shot by Brent Sopel.
7:18 of 2nd period - Shot Misses the Net.
7:32 of 2nd period - Fabian Brunnstrom is hit by Richard Lintner and loses puck.
7:39 of 2nd period - Wrist shot by Wojtek Wolski.
7:39 of 2nd period - Shot Hit the Post.
7:43 of 2nd period - Wrist shot by Wojtek Wolski.
7:43 of 2nd period - Stopped by Carey Price with a rebound.
8:07 of 2nd period - Slapshot by Scott Niedermayer.
8:07 of 2nd period - Shot Blocked by Andrew Alberts.
8:09 of 2nd period - Snap shot by Clarke MacArthur.
8:09 of 2nd period - Stopped by Scott Clemmensen without a rebound.
8:10 of 2nd period - Sheldon Keefe wins face-off versus Michael Ryder in Bruins zone.
8:15 of 2nd period - Snap shot by Clarke MacArthur.
8:15 of 2nd period - Shot Misses the Net.
8:17 of 2nd period - Slapshot by Sheldon Keefe.
8:17 of 2nd period - Stopped by Scott Clemmensen with a rebound.
8:20 of 2nd period - Penalty to Jaromir Jagr is over, Jaromir Jagr is back on ice.
8:20 of 2nd period - Penalty to Joe Corvo is over, Joe Corvo is back on ice.
8:52 of 2nd period - Snap shot by Clarke MacArthur.
8:52 of 2nd period - Deflect By Jaromir Jagr.
8:52 of 2nd period - Shot Blocked by Richard Lintner.
8:52 of 2nd period - Puck is out of play.
8:53 of 2nd period - Rickard Wallin wins face-off versus Eric Lindros in Bruins zone.
10:06 of 2nd period - Wrist shot by Scottie Upshall.
10:06 of 2nd period - Deflect By Michael Ryder.
10:06 of 2nd period - Shot Blocked by Peter Worrell.
10:06 of 2nd period - Puck is out of play.
10:07 of 2nd period - Matt Hendricks wins face-off versus Matt Stajan in Canucks zone.
10:30 of 2nd period - Wrist shot by Wojtek Wolski.
10:30 of 2nd period - Stopped by Carey Price with a rebound.
11:17 of 2nd period - Minor Penalty to Matt Cooke for Hooking.
11:18 of 2nd period - Eric Lindros wins face-off versus Matt Stajan in Bruins zone.
11:27 of 2nd period - Snap shot by Mark Streit.
11:27 of 2nd period - Shot Blocked by Zdeno Chara.
11:49 of 2nd period - Slapshot by Mark Streit.
11:49 of 2nd period - Stopped by Scott Clemmensen without a rebound.
11:50 of 2nd period - Matt Stajan wins face-off versus Wojtek Wolski in Bruins zone.
11:53 of 2nd period - Wrist shot by Jaromir Jagr.
11:53 of 2nd period - Stopped by Scott Clemmensen with a rebound.
11:55 of 2nd period - Slapshot by Derian Hatcher.
11:55 of 2nd period - Stopped by Scott Clemmensen with a rebound.
11:57 of 2nd period - Snap shot by Derian Hatcher.
11:57 of 2nd period - Stopped by Scott Clemmensen without a rebound.
11:58 of 2nd period - Eric Lindros wins face-off versus Matt Stajan in Bruins zone.
12:07 of 2nd period - Snap shot by Daniel Briere.
12:07 of 2nd period - Shot Blocked by Brent Sopel.
12:27 of 2nd period - Wrist shot by Derian Hatcher.
12:27 of 2nd period - Stopped by Scott Clemmensen with a rebound.
12:29 of 2nd period - Snap shot by Derian Hatcher.
12:29 of 2nd period - Shot Blocked by Wojtek Wolski.
12:53 of 2nd period - Wrist shot by Matt Stajan.
12:53 of 2nd period - Deflect By Jaromir Jagr.
12:53 of 2nd period - Shot Misses the Net.
12:53 of 2nd period - Puck is out of play.
12:54 of 2nd period - Eric Lindros wins face-off versus Jiri Hudler in Bruins zone.
13:17 of 2nd period - Penalty to Matt Cooke is over, Matt Cooke is back on ice.
13:29 of 2nd period - Wrist shot by Daniel Briere.
13:29 of 2nd period - Shot Misses the Net.
13:43 of 2nd period - Wrist shot by Eric Lindros.
13:43 of 2nd period - Shot Blocked by Fabian Brunnstrom.
13:45 of 2nd period - Snap shot by Eric Lindros.
13:45 of 2nd period - Stopped by Carey Price with a rebound.
13:47 of 2nd period - Slapshot by Matt Cooke.
13:47 of 2nd period - Stopped by Carey Price without a rebound.
13:48 of 2nd period - Jiri Hudler wins face-off versus Jeff Carter in Canucks zone.
15:13 of 2nd period - Snap shot by Jiri Hudler.
15:13 of 2nd period - Deflect By Jonas Hoglund.
15:13 of 2nd period - Shot Blocked by Zdeno Chara.
15:13 of 2nd period - Puck is out of play.
15:14 of 2nd period - Jiri Hudler wins face-off versus Eric Lindros in Bruins zone.
15:23 of 2nd period - Mark Streit is hit by Daniel Briere and loses puck.
15:56 of 2nd period - Erik Christensen is hit by Ryan O'Byrne and loses puck.
16:30 of 2nd period - Wrist shot by Erik Christensen.
16:30 of 2nd period - Shot Misses the Net.
16:32 of 2nd period - Snap shot by Erik Christensen.
16:32 of 2nd period - Goal by Erik Christensen - Bruins : 0 - Canucks : 2.
16:33 of 2nd period - Matt Stajan wins face-off versus Jeff Carter in neutral zone.
16:49 of 2nd period - Peter Worrell is hit by Vitali Yachmenev and loses puck.
17:06 of 2nd period - Scott Niedermayer is hit by Matt Cooke and loses puck.
17:32 of 2nd period - Snap shot by Fabian Brunnstrom.
17:32 of 2nd period - Shot Misses the Net.
17:38 of 2nd period - Slapshot by David Jones.
17:38 of 2nd period - Stopped by Scott Clemmensen without a rebound.
17:39 of 2nd period - Matt Stajan wins face-off versus Jeff Carter in Bruins zone.
17:50 of 2nd period - Slapshot by Jaromir Jagr.
17:50 of 2nd period - Deflect By Zdeno Chara.
17:50 of 2nd period - Stopped by Scott Clemmensen with a rebound.
17:52 of 2nd period - Slapshot by Matt Stajan.
17:52 of 2nd period - Shot Misses the Net.
18:18 of 2nd period - Snap shot by Eric Lindros.
18:18 of 2nd period - Shot Blocked by Jiri Hudler.
18:36 of 2nd period - Wrist shot by Derian Hatcher.
18:36 of 2nd period - Stopped by Scott Clemmensen with a rebound.
18:38 of 2nd period - Snap shot by David Jones.
18:38 of 2nd period - Stopped by Scott Clemmensen with a rebound.
18:40 of 2nd period - Snap shot by David Jones.
18:40 of 2nd period - Stopped by Scott Clemmensen with a rebound.
18:42 of 2nd period - Wrist shot by Fabian Brunnstrom.
18:42 of 2nd period - Shot Misses the Net.
18:44 of 2nd period - Wrist shot by Fabian Brunnstrom.
18:44 of 2nd period - Stopped by Scott Clemmensen with a rebound.
18:46 of 2nd period - Snap shot by Rickard Wallin.
18:46 of 2nd period - Stopped by Scott Clemmensen without a rebound.
18:47 of 2nd period - Matt Stajan wins face-off versus Jeff Carter in Bruins zone.
18:55 of 2nd period - Jeff Carter is hit by Mark Streit and loses puck.
19:00 of 2nd period - Scott Niedermayer is hit by Jeff Carter and loses puck.
19:13 of 2nd period - Christoph Schubert is hit by Clarke MacArthur and loses puck.
19:22 of 2nd period - Wrist shot by Clarke MacArthur.
19:22 of 2nd period - Stopped by Scott Clemmensen with a rebound.
19:44 of 2nd period - Minor Penalty to Victor Oreskovich for Hooking.
19:45 of 2nd period - Matt Stajan wins face-off versus Eric Lindros in Bruins zone.
19:53 of 2nd period - Minor Penalty to Daniel Briere for High sticking.
19:54 of 2nd period - Matt Stajan wins face-off versus Eric Lindros in Bruins zone.
3rd period
0:01 of 3rd period - Eric Lindros wins face-off versus Matt Stajan in neutral zone.
0:54 of 3rd period - Ryan O'Byrne is hit by Jiri Hudler and loses puck.
1:44 of 3rd period - Penalty to Victor Oreskovich is over, Victor Oreskovich is back on ice.
1:53 of 3rd period - Penalty to Daniel Briere is over, Daniel Briere is back on ice.
2:04 of 3rd period - Snap shot by Michael Ryder.
2:04 of 3rd period - Shot Misses the Net.
2:06 of 3rd period - Slapshot by Christoph Schubert.
2:06 of 3rd period - Stopped by Carey Price without a rebound.
2:07 of 3rd period - Jeff Carter wins face-off versus Rickard Wallin in Canucks zone.
2:16 of 3rd period - Wrist shot by Fabian Brunnstrom.
2:16 of 3rd period - Shot Misses the Net.
2:18 of 3rd period - Slapshot by Fabian Brunnstrom.
2:18 of 3rd period - Stopped by Scott Clemmensen without a rebound.
2:19 of 3rd period - Wojtek Wolski wins face-off versus Jiri Hudler in Bruins zone.
2:19 of 3rd period - Wojtek Wolski is hit by Clarke MacArthur.
2:20 of 3rd period - Minor Penalty to Jonas Hoglund for Slashing.
2:21 of 3rd period - Eric Lindros wins face-off versus Jaromir Jagr in Canucks zone.
2:30 of 3rd period - Slapshot by Zdeno Chara.
2:30 of 3rd period - Shot Misses the Net.
3:37 of 3rd period - Off-side.
3:38 of 3rd period - Sheldon Keefe wins face-off versus Eric Lindros in neutral zone.
4:20 of 3rd period - Penalty to Jonas Hoglund is over, Jonas Hoglund is back on ice.
4:35 of 3rd period - Wrist shot by Victor Oreskovich.
4:35 of 3rd period - Goal by Victor Oreskovich - Bruins : 1 - Canucks : 2.
4:36 of 3rd period - Jiri Hudler wins face-off versus Eric Lindros in neutral zone.
5:08 of 3rd period - Derian Hatcher is hit by Vitali Yachmenev and loses puck.
5:25 of 3rd period - Snap shot by Scottie Upshall.
5:25 of 3rd period - Shot Blocked by Mark Streit.
5:27 of 3rd period - Backhand shot by Michael Ryder.
5:27 of 3rd period - Stopped by Carey Price without a rebound.
5:28 of 3rd period - Matt Hendricks wins face-off versus Matt Stajan in Canucks zone.
5:29 of 3rd period - Snap shot by Scottie Upshall.
5:29 of 3rd period - Stopped by Carey Price without a rebound.
5:30 of 3rd period - Matt Hendricks wins face-off versus Peter Worrell in Canucks zone.
5:39 of 3rd period - Slapshot by Michael Ryder.
5:39 of 3rd period - Stopped by Carey Price with a rebound.
5:41 of 3rd period - Snap shot by Christoph Schubert.
5:41 of 3rd period - Deflect By Matt Hendricks.
5:41 of 3rd period - Stopped by Carey Price without a rebound.
5:42 of 3rd period - Eric Lindros wins face-off versus Peter Worrell in Canucks zone.
7:24 of 3rd period - Minor Penalty to Chris Campoli for Tripping.
7:25 of 3rd period - Eric Lindros wins face-off versus Jaromir Jagr in Canucks zone.
7:26 of 3rd period - Backhand shot by Wojtek Wolski.
7:26 of 3rd period - Stopped by Carey Price with a rebound.
7:28 of 3rd period - Wrist shot by Eric Lindros.
7:28 of 3rd period - Goal by Eric Lindros - Bruins : 2 - Canucks : 2.
7:29 of 3rd period - Matt Stajan wins face-off versus Eric Lindros in neutral zone.
7:32 of 3rd period - Backhand shot by Mark Streit.
7:32 of 3rd period - Stopped by Scott Clemmensen without a rebound.
7:33 of 3rd period - Matt Stajan wins face-off versus Wojtek Wolski in Bruins zone.
7:57 of 3rd period - Scott Niedermayer is hit by Andrew Alberts and loses puck.
8:24 of 3rd period - Wrist shot by Matt Cooke.
8:24 of 3rd period - Deflect By Wayne Primeau.
8:24 of 3rd period - Stopped by Carey Price with a rebound.
8:26 of 3rd period - Snap shot by Wayne Primeau.
8:26 of 3rd period - Stopped by Carey Price without a rebound.
8:27 of 3rd period - Matt Stajan wins face-off versus Wayne Primeau in Canucks zone.
8:42 of 3rd period - Wrist shot by Victor Oreskovich.
8:42 of 3rd period - Stopped by Carey Price with a rebound.
8:44 of 3rd period - Wrist shot by Ryan O'Byrne.
8:44 of 3rd period - Stopped by Carey Price without a rebound.
8:45 of 3rd period - Jiri Hudler wins face-off versus Eric Lindros in Canucks zone.
8:57 of 3rd period - Slapshot by Scott Niedermayer.
8:57 of 3rd period - Stopped by Scott Clemmensen without a rebound.
8:58 of 3rd period - Eric Lindros wins face-off versus Matt Stajan in Bruins zone.
9:25 of 3rd period - Scott Niedermayer is hit by Scott Hartnell and loses puck.
10:30 of 3rd period - Snap shot by Eric Lindros.
10:30 of 3rd period - Stopped by Carey Price without a rebound.
10:31 of 3rd period - Eric Lindros wins face-off versus Erik Christensen in Canucks zone.
10:40 of 3rd period - Snap shot by Daniel Briere.
10:40 of 3rd period - Deflect By Wojtek Wolski.
10:40 of 3rd period - Shot Misses the Net.
10:40 of 3rd period - Puck is out of play.
10:41 of 3rd period - Matt Stajan wins face-off versus Eric Lindros in Canucks zone.
11:10 of 3rd period - Slapshot by Zdeno Chara.
11:10 of 3rd period - Shot Misses the Net.
11:12 of 3rd period - Wrist shot by Scott Hartnell.
11:12 of 3rd period - Shot Blocked by Jiri Hudler.
11:14 of 3rd period - Slapshot by Andrew Alberts.
11:14 of 3rd period - Stopped by Carey Price with a rebound.
11:16 of 3rd period - Slapshot by Scott Hartnell.
11:16 of 3rd period - Shot Misses the Net.
11:26 of 3rd period - Snap shot by Michael Ryder.
11:26 of 3rd period - Shot Misses the Net.
11:36 of 3rd period - Wrist shot by Michael Ryder.
11:36 of 3rd period - Shot Blocked by Rickard Wallin.
11:38 of 3rd period - Snap shot by Scottie Upshall.
11:38 of 3rd period - Shot Misses the Net.
12:51 of 3rd period - Off-side.
12:52 of 3rd period - Matt Stajan wins face-off versus Eric Lindros in neutral zone.
13:17 of 3rd period - Clarke MacArthur is hit by Scott Hartnell and loses puck.
13:23 of 3rd period - Minor Penalty to Chris Campoli for Tripping.
13:24 of 3rd period - Jaromir Jagr wins face-off versus Wojtek Wolski in Canucks zone.
13:33 of 3rd period - Slapshot by Zdeno Chara.
13:33 of 3rd period - Stopped by Carey Price with a rebound.
13:35 of 3rd period - Wrist shot by Eric Lindros.
13:35 of 3rd period - Shot Blocked by Scott Niedermayer.
13:37 of 3rd period - Snap shot by Zdeno Chara.
13:37 of 3rd period - Shot Blocked by Mark Streit.
13:55 of 3rd period - Jaromir Jagr is hit by Scott Hartnell.
15:23 of 3rd period - Penalty to Chris Campoli is over, Chris Campoli is back on ice.
15:36 of 3rd period - Chris Campoli is hit by Zdeno Chara and loses puck.
15:50 of 3rd period - Minor Penalty to Christoph Schubert for Interference.
15:51 of 3rd period - Eric Lindros wins face-off versus Jaromir Jagr in Bruins zone.
17:19 of 3rd period - Jaromir Jagr is hit by Wayne Primeau and loses puck.
17:32 of 3rd period - Joe Corvo is hit by Peter Worrell and loses puck.
17:45 of 3rd period - Snap shot by Matt Stajan.
17:45 of 3rd period - Shot Misses the Net.
17:47 of 3rd period - Slapshot by Derian Hatcher.
17:47 of 3rd period - Stopped by Scott Clemmensen without a rebound.
17:48 of 3rd period - Eric Lindros wins face-off versus Jiri Hudler in Bruins zone.
17:50 of 3rd period - Penalty to Christoph Schubert is over, Christoph Schubert is back on ice.
17:59 of 3rd period - Christoph Schubert is hit by Jonas Hoglund and loses puck.
18:08 of 3rd period - Andrew Alberts is hit by Johnny Boychuk and loses puck.
18:15 of 3rd period - Slapshot by Ryan O'Byrne.
18:15 of 3rd period - Stopped by Carey Price with a rebound.
19:02 of 3rd period - Wayne Primeau is hit by Jonas Hoglund and loses puck.
19:55 of 3rd period - Minor Penalty to Chris Campoli for Slashing.
19:56 of 3rd period - Peter Worrell wins face-off versus Jeff Carter in Canucks zone.
Overtime #1
0:01 of 1st overtime period - Jaromir Jagr wins face-off versus Eric Lindros in neutral zone.
0:52 of 1st overtime period - Wrist shot by Jeff Carter.
0:52 of 1st overtime period - Stopped by Carey Price without a rebound.
0:53 of 1st overtime period - Eric Lindros wins face-off versus Jaromir Jagr in Canucks zone.
1:27 of 1st overtime period - Slapshot by Derian Hatcher.
1:27 of 1st overtime period - Deflect By Wojtek Wolski.
1:27 of 1st overtime period - Stopped by Scott Clemmensen with a rebound.
1:55 of 1st overtime period - Penalty to Chris Campoli is over, Chris Campoli is back on ice.
2:12 of 1st overtime period - Daniel Briere is hit by Scott Niedermayer and loses puck.
2:27 of 1st overtime period - Wojtek Wolski is hit by Jaromir Jagr and loses puck.
3:46 of 1st overtime period - Peter Worrell is hit by Jeff Carter and loses puck.
3:59 of 1st overtime period - Michael Ryder is hit by Clarke MacArthur and loses puck.
4:04 of 1st overtime period - Wrist shot by Clarke MacArthur.
4:04 of 1st overtime period - Stopped by Scott Clemmensen without a rebound.
4:05 of 1st overtime period - Eric Lindros wins face-off versus Jonas Hoglund in Bruins zone.
4:45 of 1st overtime period - Slapshot by Clarke MacArthur.
4:45 of 1st overtime period - Stopped by Scott Clemmensen without a rebound.
4:46 of 1st overtime period - Jonas Hoglund wins face-off versus Eric Lindros in Bruins zone.
ShootOut
5:00 of 1st overtime period - Penalty Shot by Eric Lindros for Bruins.
5:00 of 1st overtime period - Snap shot by Eric Lindros.
5:00 of 1st overtime period - Stopped by Carey Price.
5:00 of 1st overtime period - Penalty Shot by Jaromir Jagr for Canucks.
5:00 of 1st overtime period - Snap shot by Jaromir Jagr.
5:00 of 1st overtime period - Goal by Jaromir Jagr.
5:00 of 1st overtime period - Penalty Shot by Jeff Carter for Bruins.
5:00 of 1st overtime period - Deke by Jeff Carter.
5:00 of 1st overtime period - Stopped by Carey Price.
5:00 of 1st overtime period - Penalty Shot by Peter Worrell for Canucks.
5:00 of 1st overtime period - Backhand shot by Peter Worrell.
5:00 of 1st overtime period - Shot Misses the Net.
5:00 of 1st overtime period - Penalty Shot by Wojtek Wolski for Bruins.
5:00 of 1st overtime period - Snap shot by Wojtek Wolski.
5:00 of 1st overtime period - Goal by Wojtek Wolski.
5:00 of 1st overtime period - Penalty Shot by Jonas Hoglund for Canucks.
5:00 of 1st overtime period - Wrist shot by Jonas Hoglund.
5:00 of 1st overtime period - Goal by Jonas Hoglund.
Output by the SimonT Hockey Simulator (STHS) for François Prévost -- Original Page W3C XHTML 1.0 Valid